Unix NetHack Version 3.7.0-73 Work-in-progress - last build Feb 17 2023 02:16:44 (48fe2e8c4a70f1d2d5b622443eb9b5bc1b8d05f7,branch:master). Game began 2023-02-18 23:28:44, ended 2023-02-18 23:40:09. microlance, lawful female dwarven Valkyrie G G ..----.- G .hg..... ./.---.-- |...| ---.--- |...- --...| |...| -..| ---- Microlance the Skirmisher St:18/01 Dx:14 Co:19 In:7 Wi:9 Ch:7 Lawful S:945 Dlvl:8 $:21 HP:0(51) Pw:3(3) AC:1 Xp:4/131 T:2166 Satiated Latest messages: C - an orcish shield. What do you want to wear? [k or ?*] You are already wearing a shield. What do you want to drop? [$a-ce-gik-rt-vzA-C or ?*] You drop an orcish shield. You hear crashing rock. You swap places with the peaceful gnome. You see here a plain spellbook. You swap places with the peaceful gnome. Ahaiabane of Athosaruk wields a scimitar! Pick an object. You stop. The gnome is in the way! You see here a plain spellbook. D - a plain spellbook. You kill Ahaiabane of Athosaruk! E - a key. You see here a blue gem. You see here a blue gem. Where do you want to travel to? (For instructions type a '?') Can't find dungeon feature '>'. You can't go up here. You see here a bag. F - a bag. What do you want to drop? [$a-ce-gik-rt-vzABD-F or ?*] You drop a bag. The bag is empty. What do you want to drop? [$a-ce-gik-rt-vzABDE or ?*] Never mind. You see here an empty bag. F - an empty bag. You swap places with the peaceful gnome. You see here a green gem. Click! You trigger a rolling boulder trap! A boulder misses you. You step onto a level teleport trap! You feel disoriented. You materialize on a different level! You feel less confused now. G - a scroll labeled KERNOD WEL. What do you want to read? [tDG or ?*] As you read the scroll, it disappears. Your orcish helm glows black for a moment. Aothog of Athosaruk hits! Aothog of Athosaruk hits! Aothog of Athosaruk bites! You miss Aothog of Athosaruk. Aothog of Athosaruk hits! Aothog of Athosaruk hits! You die... Inventory: Coins ('$') $ - 21 gold pieces Weapons (')') o - 7 +0 elven arrows b - a +0 dagger (alternate weapon; not wielded) a - a +1 dwarvish spear (weapon in hand) q - a +0 orcish dagger named Grim?oo?h p - a +0 aklys Armor ('[') A - a cursed -1 orcish helm (being worn) c - an uncursed +3 small shield (being worn) k - an uncursed +0 mummy wrapping z - a cursed -1 banded mail (being worn) Comestibles ('%') f - an uncursed Fruit e - 2 uncursed food rations i - an uncursed egg Scrolls ('?') t - 6 uncursed scrolls of blank paper Spellbooks ('+') D - an uncursed spellbook of blank paper Rings ('=') g - an uncursed ring of shock resistance Wands ('/') u - a wand of create monster (0:9) Tools ('(') v - an empty uncursed sack F - an empty uncursed sack B - an uncursed skeleton key E - an uncursed skeleton key l - an uncursed tin whistle Gems/Stones ('*') n - an uncursed jasper stone r - an uncursed worthless piece of black glass m - 2 uncursed worthless pieces of red glass Microlance the Valkyrie's attributes: Background: You were a Skirmisher, a level 4 dwarven Valkyrie. You were lawful, nominally on a mission for Tyr who was opposed by Odin (neutral) and Loki (chaotic). You were in the Gnomish Mines, on level 8. You entered the dungeon 2166 turns ago. It was nighttime. You had 131 experience points, 29 more were needed to attain level 5. Your score was 945 before end-of-game adjustments. Basics: You had 0 out of 51 hit points. You had all 3 energy points (spell power). Your armor class was 1. Your wallet contained 21 zorkmids. Autopickup was on for '$?!"=/' plus thrown, with exceptions. Final Characteristics: Your strength was 18/01 (limit:18/100). Your dexterity was 14 (limit:20). Your constitution was 19 (limit:20). Your intelligence was 7 (limit:16). Your wisdom was 9 (limit:16). Your charisma was 7 (limit:16). Final Status: You were satiated. You were unencumbered. You were wielding a spear. You had basic skill with spear. Final Attributes: You were piously aligned. You were cold resistant. You had infravision. You were stealthy. You were warded. You are dead. Miscellaneous: You disabled loading of bones levels. Total elapsed playing time was 11 minutes and 24 seconds. Major events: Turn 1: microlance the lawful dwarven Valkyrie entered the dungeon 707: entered the Gnomish Mines 928: attained the rank of Skirmisher (level 3) 2166: killed by a winged gargoyle called Aothog of Athosaruk Vanquished creatures: a wood nymph a Mordor orc a shrieker a kobold mummy 2 paper golems a hill orc 2 giant rats a green mold 2 gnomes a gnome zombie 2 geckos 4 jackals a fox 2 goblins a grid bug 2 lichens 5 newts 30 creatures vanquished. No species were genocided or became extinct. Voluntary challenges: You were an atheist. You read items or engraved 4 times. You never engraved Elbereth. You never genocided any monsters. You never polymorphed an object. You never changed form. You used no wishes. Achievements: You entered the Gnomish Mines. You attained the rank of Skirmisher. The Dungeons of Doom: levels 1 to 3 Level 1: A sink. Level 2: Stairs down to The Gnomish Mines. Level 3: The Gnomish Mines: levels 3 to 8 Level 3: Level 4: Level 5: Level 6: Level 7: Level 8: <- You were here. Final resting place for you, killed by a winged gargoyle called Aothog of Athosaruk. Game over: ---------- / \ / REST \ / IN \ / PEACE \ / \ | microlance | | 21 Au | | killed by a | | winged gargoyle | | called Aothog of | | Athosaruk | | 2023 | *| * * * | * _________)/\\_//(\/(/\)/\//\/|_)_______ Farvel microlance the Valkyrie... You died in The Gnomish Mines on dungeon level 8 with 943 points, and 21 pieces of gold, after 2166 moves. You were level 4 with a maximum of 51 hit points when you died.